Map: Acid Plant LE

Players

Optimus

  • Race: Terran Terran
  • Spawn Location: 11:00

MaNa - Winner!

  • Race: Protoss Protoss
  • Spawn Location: 5:00

Event: WCS Austin 2018

VOD

Have the link to the VOD?

Description

Time

  • Played on: June 1, 2018, 2:56 p.m.
  • Length: 11:37

All games in this series

Show
View Real Time Build Order
Export as new Build Order

Optimus Terran 

Build Orders: Cyclone Opening, Reaper Expand, MMM Bio 

Get SALT Encoding   

  12  0:00  SCV  
  13  0:12  SCV  
  14  0:17  Supply Depot  
  14  0:24  SCV  
  15  0:38  SCV  
  15  0:40  Barracks  
  16  0:43  Refinery  
  16  0:50  SCV  
  17  1:02  SCV  
  18  1:14  SCV  
  19  1:27  Orbital Command, Reaper  
  20  1:41  Command Center  
  20  1:53  Supply Depot, SCV  
  21  1:59  Marine  
  22  2:05  Factory  
  22  2:09  SCV  
  22  2:13  Refinery  
  23  2:21  Barracks Reactor, SCV  
  24  2:33  SCV  
  25  2:51  SCV  
  25  2:58  Cyclone  
  29  3:00  Marine x2  
  31  3:07  Starport, Supply Depot  
  31  3:12  SCV  
  30  3:20  Orbital Command  
  30  3:21  Marine  
  30  3:22  Marine  
  30  3:24  SCV  
  33  3:36  SCV  
  33  3:38  Cyclone  
  37  3:47  SCV  
  37  3:48  SCV  
  37  3:49  Marine x2  
  37  3:52  Medivac  
  41  4:00  SCV  
  41  4:01  SCV  
  42  4:06  Marine x2  
  44  4:12  SCV  
  44  4:13  SCV  
  46  4:18  Liberator  
  46  4:23  Factory Tech Lab  
  46  4:24  Marine x2, SCV  
  46  4:25  SCV  
  46  4:29  Supply Depot  
  50  4:36  SCV  
  54  4:39  SCV  
  54  4:51  Marine x2, SCV  
  54  4:52  SCV  
  58  4:59  Supply Depot  
  58  5:03  SCV, Siege Tank  
  58  5:06  Supply Depot  
  62  5:08  Supply Depot  
  62  5:13  SCV  
  62  5:15  Marine  
  62  5:16  SCV  
  62  5:20  Marine  
  63  5:25  SCV  
  61  5:33  Marine  
  63  5:37  SCV  
  63  5:40  Siege Tank  
  68  5:42  SCV  
  68  5:44  Command Center  
  68  5:49  SCV  
  69  5:52  Viking  
  69  5:55  SCV  
  70  6:01  SCV  
  70  6:02  Barracks Tech Lab  
  66  6:07  SCV  
  67  6:14  SCV  
  68  6:19  Marine  
  68  6:20  SCV  
  68  6:21  Stimpack  
  70  6:26  SCV  
  70  6:30  Barracks  
  70  6:31  Barracks  
  70  6:32  SCV  
  69  6:35  Refinery  
  69  6:38  Starport Tech Lab, SCV  
  70  6:40  Marine  
  70  6:44  SCV  
  70  6:46  Factory Reactor  
  72  6:50  SCV  
  72  6:51  Refinery  
  72  6:52  Engineering Bay  
  72  6:53  Engineering Bay  
  73  6:56  SCV  
  73  6:58  Marine  
  73  7:02  SCV  
  73  7:08  SCV  
  75  7:11  Starport Reactor  
  75  7:14  SCV  
  61  7:16  Marine  
  61  7:20  Marine x2, SCV  
  60  7:23  Marauder  
  60  7:26  SCV  
  63  7:30  Terran Infantry Weapons Level 1  
  63  7:31  Terran Infantry Armor Level 1  
  63  7:32  SCV  
  63  7:36  Combat Shields  
  66  7:38  SCV  
  66  7:42  Marine x2  
  69  7:44  SCV  
  69  7:45  Orbital Command  
  69  7:49  Marauder x2  
  69  7:50  SCV  
  73  7:53  Barracks  
  73  7:54  Barracks  
  73  7:56  Widow Mine x2, SCV  
  78  8:02  SCV  
  76  8:07  Marine  
  76  8:08  SCV  
  76  8:10  Marauder x2  
  82  8:13  SCV  
  82  8:15  SCV  
  80  8:21  SCV  
  80  8:22  Concussive Shells  
  80  8:26  Widow Mine x2, Marine x2  
  83  8:27  SCV  
  83  8:31  Marauder x2  
  83  8:33  Medivac x2  
  92  8:35  Orbital Command  
  92  8:38  Supply Depot  
  92  8:40  Armory  
  92  8:41  Barracks Reactor  
  92  8:43  Marauder  
  94  8:49  Marine x2  
  94  8:51  SCV x2  
  98  8:56  Widow Mine  
  98  9:00  Widow Mine  
  98  9:01  Supply Depot  
  98  9:02  Marauder, Supply Depot  
  104  9:03  SCV  
  104  9:08  Marine  
  104  9:09  Marine  
  108  9:10  SCV x2  
  108  9:15  Supply Depot  
  109  9:22  Medivac x2  
  109  9:23  Widow Mine x2, Marine x2  
  119  9:25  SCV x3  
  119  9:30  Marauder x2  
  126  9:31  Marauder  
  126  9:33  Marine x2  
  126  9:36  Supply Depot  
  130  9:38  Supply Depot  
  130  9:45  Marine  
  130  9:46  Marine  
  130  9:47  SCV x2  
  130  9:52  Marauder x2  
  133  9:53  Marauder  
  133  9:56  SCV  
  133  9:59  Marine x2, SCV  
  137  10:07  Medivac x2  
  137  10:10  SCV  
  137  10:13  Marauder x2  
  140  10:14  Marauder  
  140  10:15  Marine x2  
  140  10:18  SCV x2  
  140  10:21  Marine x2  
  146  10:22  SCV  
  140  10:30  SCV x2  
  140  10:33  Marine x2  
  140  10:34  Marauder  
  140  10:35  SCV  
  148  10:38  Marine  
  148  10:39  Marine  
  146  10:42  SCV  
  146  10:43  Marine, SCV  
  146  10:47  Supply Depot, SCV  
  146  10:48  Refinery, Supply Depot  
  150  10:50  Refinery  
  150  10:53  Marine x2  
  150  10:55  SCV x2  
  146  10:59  SCV  
  146  11:00  Command Center  
  146  11:03  Marine x2  
  155  11:06  Marauder  
  155  11:09  Marauder  
  159  11:12  Marauder  
Show
View Real Time Build Order
Export as new Build Order

MaNa Protoss - Winner!

Build Orders: Oracle Opening 

Get SALT Encoding   

  12  0:00  Probe  
  13  0:12  Probe  
  14  0:18  Pylon  
  14  0:24  Probe  
  15  0:32  Probe  
  15  0:39  Gateway  
  15  0:40  Probe  
  16  0:48  Assimilator  
  17  0:51  Probe  
  18  0:59  Probe, Pylon  
  19  1:07  Probe  
  20  1:23  Probe  
  21  1:26  Zealot  
  21  1:27  Cybernetics Core  
  23  1:51  Nexus  
  23  1:53  Stalker  
  23  2:05  Assimilator  
  23  2:07  Probe  
  26  2:10  Warp Gate  
  26  2:19  Probe  
  27  2:22  Stalker  
  29  2:31  Probe  
  29  2:35  Pylon  
  30  2:44  Probe  
  31  2:49  Stargate  
  31  2:56  Probe  
  32  3:00  Stalker  
  34  3:08  Probe  
  33  3:20  Probe x2  
  35  3:32  Gateway, Probe  
  35  3:33  Gateway  
  36  3:34  Oracle  
  39  3:42  Probe  
  39  3:43  Probe  
  41  3:50  Probe  
  41  3:51  Probe  
  42  3:58  Probe  
  42  4:00  Probe  
  44  4:08  Probe  
  45  4:11  Oracle  
  49  4:21  Stalker  
  49  4:22  Nexus  
  49  4:24  Probe x2  
  53  4:34  Twilight Council  
  53  4:35  Forge  
  53  4:38  Probe  
  54  4:47  Probe  
  54  4:51  Blink  
  54  4:52  Assimilator  
  52  4:53  Zealot, Protoss Ground Weapons Level 1  
  52  4:55  Shield Battery  
  52  4:58  Pylon  
  52  4:59  Pylon  
  54  5:02  Pylon  
  54  5:16  Probe  
  54  5:17  Stalker, Zealot  
  54  5:19  Probe  
  60  5:27  Stalker  
  62  5:29  Probe  
  62  5:30  Probe  
  62  5:31  Shield Battery  
  62  5:34  Assimilator  
  64  5:37  Probe x2  
  66  5:44  Probe  
  66  5:47  Probe x2  
  66  5:48  Sentry  
  66  5:49  Stalker  
  71  5:50  Zealot  
  71  5:54  Probe  
  76  6:06  Oracle  
  76  6:09  Shield Battery  
  79  6:11  Stalker  
  78  6:19  Zealot x2  
  78  6:20  Probe x2  
  83  6:30  Probe  
  83  6:32  Probe x2  
  86  6:34  Gateway  
  86  6:35  Gateway  
  86  6:36  Stalker  
  86  6:38  Protoss Ground Armor Level 1  
  88  6:42  Probe  
  88  6:44  Probe x2  
  91  6:49  Pylon  
  91  6:51  Pylon  
  92  6:54  Probe  
  92  6:56  Probe  
  93  7:07  Probe  
  94  7:10  Probe  
  94  7:15  Probe  
  84  7:19  Stalker x3  
  87  7:29  Charge, Probe x2  
  87  7:32  Robotics Facility  
  87  7:34  Probe  
  88  7:37  Assimilator  
  88  7:40  Sentry x2  
  88  7:41  Probe  
  88  7:42  Assimilator  
  88  7:43  Zealot x2, Sentry  
  99  7:48  Gateway, Probe x2  
  99  7:50  Gateway  
  99  7:51  Gateway  
  101  7:54  Gateway, Pylon  
  101  7:57  Pylon, Probe  
  102  7:59  Pylon  
  102  8:00  Probe x2  
  104  8:07  Zealot x2  
  104  8:10  Probe  
  109  8:22  Protoss Ground Armor Level 2  
  109  8:23  Warp Prism  
  111  8:28  Zealot x5  
  111  8:32  Robotics Bay  
  119  8:53  Immortal, Nexus  
  119  8:55  Pylon, Photon Cannon  
  119  8:58  Shield Battery  
  119  8:59  Probe x2  
  119  9:01  Photon Cannon  
  125  9:03  Photon Cannon  
  125  9:07  Pylon  
  125  9:13  Stalker x2  
  125  9:14  Stalker  
  131  9:18  Pylon  
  131  9:20  Zealot  
  131  9:21  Zealot  
  131  9:23  Shield Battery  
  135  9:24  Immortal  
  135  9:37  Stalker  
  135  9:38  Stalker, Zealot  
  143  9:39  Zealot  
  143  9:55  Extended Thermal Lance  
  143  9:57  Colossus, Probe x2  
  143  9:59  Templar Archives  
  143  10:02  Zealot  
  143  10:03  Zealot x3  
  153  10:17  Zealot x3  
  153  10:18  Zealot x2  
  145  10:28  Probe  
  145  10:29  Phoenix, Probe  
  145  10:35  Probe x2  
  151  10:38  High Templar x2, Photon Cannon  
  151  10:39  High Templar x2  
  155  10:43  Probe  
  155  10:44  Observer, Probe  
  155  10:54  High Templar x5  
  166  11:03  Archon x2  
  172  11:18  Archon  
  172  11:19  Archon  
  172  11:25  Pylon  
  172  11:26  Pylon  
  172  11:28  Pylon  
Tags
 
Add a new tag
Caveats
  • Supply blocks, unpowered buildings, or Contaminate may cause inaccurate times.
  • Supply counts are checked every 10 seconds.